 Dungeon Crawl Stone Soup version 0.23.2-1-ga50397a6bc (webtiles) character file.

Game seed: 4885752067426032333

242 Marnok the Poker (level 5, 0/58 HPs)
             Began as a Demonspawn Gladiator on Apr 17, 2019.
             Slain by a goblin
             ... wielding a +0 club
             ... led by Robin
              (5 damage)
             ... on level 3 of the Dungeon.
             The game lasted 00:08:16 (2681 turns).

Marnok the Poker (Demonspawn Gladiator)             Turns: 2681, Time: 00:08:18

Health: 0/58       AC: 22    Str: 14    XL:     5   Next: 82%
Magic:  5/5        EV:  2    Int: 17    God:
Gold:   181        SH:  8    Dex: 21    Spells: 4/4 levels left

rFire    . . .     SeeInvis .   a - +1 trident
rCold    . . .     Gourm    .   p - +0 shield
rNeg     + + +     Faith    .   (armour currently unavailable)
rPois    +         Spirit   .   (helmet currently unavailable)
rElec    .         Reflect  .   (cloak currently unavailable)
rCorr    .         Harm     .   (gloves currently unavailable)
MR       .....     NoTele   +   (boots currently unavailable)
Stlth    +++.......             (no amulet)
HPRegen  0.19/turn              j - +3 ring of intelligence
MPRegen  0.09/turn              (no ring)

@: brilliant, agile, tree-form
A: no striking features
a: no special abilities


You were on level 3 of the Dungeon.
You were not hungry.
You were a tree.
You visited 1 branch of the dungeon, and saw 3 of its levels.

You collected 181 gold pieces.

Inventory:

Hand Weapons
 a - a +1 trident (weapon)
 e - a cursed +0 hand axe
 h - a +2 dagger of freezing
 k - a +0 club
Missiles
 d - 3 throwing nets (quivered)
 m - 4 poisoned javelins
Armour
 b - a +0 leather armour
 c - a +0 helmet (melded)
 p - a +0 shield (worn)
 q - a +2 ring mail of cold resistance (melded)
 s - a +0 pair of gloves (melded)
Jewellery
 j - a +3 ring of intelligence (left branch)
Scrolls
 t - a scroll of identify
Potions
 g - a potion of lignification
 i - a potion of brilliance
Comestibles
 f - 5 rations
 u - 4 chunks of flesh


   Skills:
 + Level 2.6 Fighting
 + Level 4.4 Polearms
 + Level 2.0 Throwing
 + Level 1.4 Armour
 + Level 3.5 Dodging
 + Level 1.2 Stealth
 + Level 0.7 Shields


You had 4 spell levels left.
You didn't know any spells.
Your spell library contained the following spells:

 Spells                   Type           Power        Failure   Level  Hunger
 Confusing Touch          Hex            ##....       16%         1    ##.....
 Confuse                  Hex            ##......     38%         3    ####...
 Gell's Gravitas          Tloc           ##........   38%         3    ####...
 Petrify                  Tmut/Erth      ##......     75%         4    #####..
 Metabolic Englaciation   Hex/Ice        ##........   95%         5    ######.
 Yara's Violent Unravell  Hex/Tmut       ##........   95%         5    ######.


Dungeon Overview and Level Annotations

Branches:
Dungeon (3/15)

Altars:


Innate Abilities, Weirdness & Mutations

((You are partially covered in iridescent scales. (AC +2)))
((Your flesh is cold resistant. (rC+)))


Message History

You kill Robin!
The goblin no longer looks unusually strong.
The goblin hits you but does no damage.
The hobgoblin hits you but does no damage.
You block the goblin's attack. The goblin hits you but does no damage.
The ice beast hits you but does no damage.
The goblin hits you.
* * * LOW HITPOINT WARNING * * *
The ooze hits you but does no damage.
You closely miss the goblin. The goblin hits you but does no damage.
The goblin barely misses you. You block the hobgoblin's attack.
The goblin hits you but does no damage. x2; You block the ice beast's attack.
The goblin hits you but does no damage. The ooze hits you but does no damage.
You closely miss the goblin.
The goblin hits you but does no damage. x2
You block the goblin's attack. You block the hobgoblin's attack.
The goblin hits you but does no damage. The goblin hits you.
* * * LOW HITPOINT WARNING * * *
The ice beast barely misses you. The ooze hits you but does no damage.
The goblin hits you with a +0 club.
You die...

############
#.##.....#.##.
#.......#.###.........
#.......#.###.#..#....
#.......+.......).....
#.......#.###..)).....
#.......#.# ###..#....
#...gg..#.# #..#.##.
#..gJgY.#.# #..#....
#..Jg♣g.#.# #.......
#...ggg.#.# ##..#.###
#.......#.# #........
#.......#.# ###......
#.......#.# #..#.##
#.......#.# #..#.#
#######'#####.# #....#
#.............######.##.##
#.#####...........(.......


You could see an ice beast, 2 oozes, 2 hobgoblins and 7 goblins.

Vanquished Creatures
  An orc priest (D:3)
  Terence (D:3)
  Robin (D:3)
  6 adders
  6 oozes
  2 worms (D:2)
  2 dart slugs
  3 leopard geckos
  5 orcs (D:3)
  4 giant cockroaches (D:1)
  6 goblins
  10 hobgoblins
  7 jackals
  4 kobolds
  2 quokkas (D:3)
  2 ball pythons
  11 bats
  2 frilled lizards
  7 rats
82 creatures vanquished.

Notes
Turn   | Place    | Note
-------+----------+-------------------------------------------
     0 | D:1      | Marnok the Demonspawn Gladiator began the quest for the
                  | Orb.
     0 | D:1      | Reached XP level 1. HP: 16/16 MP: 1/1
     1 | D:1      | Found a runed translucent door.
   189 | D:1      | Reached skill level 3 in Polearms
   189 | D:1      | Gained mutation: Your flesh is cold resistant. (rC+)
                  | [demonic ancestry]
   189 | D:1      | Reached XP level 2. HP: 22/22 MP: 2/2
   564 | D:1      | Gained mutation: You are partially covered in iridescent
                  | scales. (AC +2) [demonic ancestry]
   564 | D:1      | Reached XP level 3. HP: 27/27 MP: 3/3
  1126 | D:2      | Reached XP level 4. HP: 33/33 MP: 4/4
  1488 | D:2      | Reached skill level 1 in Armour
  1802 | D:2      | Reached skill level 4 in Polearms
  1937 | D:3      | Reached XP level 5. HP: 17/39 MP: 5/5
  1938 | D:3      | Reached skill level 1 in Stealth
  2222 | D:3      | Noticed Terence
  2238 | D:3      | Killed Terence
  2658 | D:3      | Noticed an ice beast
  2659 | D:3      | Noticed Robin
  2679 | D:3      | Killed Robin
  2681 | D:3      | Slain by a goblin

Skill      XL: |  1  2  3  4  5 |
---------------+----------------+-----
Polearms       | 3 4 |  4.4
Throwing       | 2 |  2.0
Dodging        | 3 |  3.5
Armour         | 1 |  1.4
Stealth        | 1 |  1.2
Fighting       | |  2.6
Shields        | |  0.7

Action                   |  1- 3 |  4- 6 || total
-------------------------+-------+-------++-------
Melee: Trident           |   171 |   160 ||   331
  Use: Scroll            |     3 |     6 ||     9
       Potion            |     1 |     6 ||     7
 Stab: Sleeping          |     1 |     4 ||     5
  Eat: Chunk             |     1 |     5 ||     6
Armor: Leather armour    |   101 |    37 ||   138
       Skin              |       |    70 ||    70
       Ring mail         |       |    28 ||    28
Dodge: Dodged            |   160 |   129 ||   289
Block: Shield            |       |    72 ||    72
